 Seeded DCSS version 0.27-a0-1154-gfdeffcb720 (webtiles) character file.

Game seed: 2605965801648031611 (custom seed)

104 donath the Insei (level 4, 0/34 HPs)
             Began as a Gnoll Transmuter on May 14, 2021.
             Slain by a white imp (4 damage)
             ... summoned by Natasha
             ... on level 2 of the Dungeon.
             The game lasted 00:06:41 (2320 turns).

donath the Insei (Gnoll Transmuter)                 Turns: 2320, Time: 00:06:41

Health: 0/34       AC:  3    Str: 11    XL:     4   Next: 80%
Magic:  11/11      EV: 13    Int: 12    God:
Gold:   70         SH:  0    Dex: 12    Spells: 10/13 levels left

rFire    . . .     SeeInvis .   d - +0 short sword
rCold    . . .     Faith    .   (no shield)
rNeg     . . .     Spirit   .   h - +0 leather armour
rPois    .         Reflect  .   (helmet currently unavailable)
rElec    .         Harm     .   (no cloak)
rCorr    .         Rampage  .   (no gloves)
Will     .....                  (boots currently unavailable)
Stlth    +.........             (no amulet)
HPRegen  0.11/turn              (no ring)
MPRegen  0.12/turn              (no ring)

@: lethally poisoned (0 -> -8), appendages
A: horns 2, talons 2, fangs 1, strong nose, distributed training
a: End Transformation


You were on level 2 of the Dungeon.
You had temporarily grown beastly horns and talons.
You visited 1 branch of the dungeon, and saw 2 of its levels.

You collected 70 gold pieces.

Inventory:

Hand Weapons
 d - a +0 short sword (weapon)
 i - a +0 spear
Missiles
 c - 68 arrows
 f - 8 poisoned darts (quivered)
 l - 45 sling bullets
 n - 2 boomerangs
Armour
 a - a +0 robe
 h - a +0 leather armour (worn)
 j - a +0 ring mail
 k - a +0 robe of cold resistance
Scrolls
 b - a scroll of noise
 e - 5 scrolls of identify
 m - a scroll of brand weapon {unknown}


   Skills:
 + Level 2.8 Fighting
 + Level 1.2 Short Blades
 + Level 1.2 Long Blades
 + Level 1.2 Axes
 + Level 1.2 Maces & Flails
 + Level 1.2 Polearms
 + Level 1.2 Staves
 + Level 1.2 Slings
 + Level 1.2 Bows
 + Level 1.2 Crossbows
 + Level 1.2 Throwing
 + Level 1.2 Armour
 + Level 4.7 Dodging
 + Level 1.2 Stealth
 + Level 1.2 Shields
 + Level 6.6 Unarmed Combat
 + Level 5.1 Spellcasting
 + Level 1.0 Conjurations
 + Level 1.0 Hexes
 + Level 1.0 Summonings
 + Level 1.0 Necromancy
 + Level 1.0 Translocations
 + Level 3.9 Transmutations
 + Level 1.0 Fire Magic
 + Level 1.0 Ice Magic
 + Level 1.0 Air Magic
 + Level 1.0 Earth Magic
 + Level 1.0 Poison Magic
 + Level 1.3 Invocations
 + Level 1.2 Evocations


You had 10 spell levels left.
You knew the following spells:

 Your Spells              Type           Power      Damage    Failure   Level
a - Beastly Appendage     Tmut           24%        N/A       5%          1
b - Wereblood             Tmut           12%        N/A       8%          2

Your spell library contained the following spells:

 Spells                   Type           Power      Damage    Failure   Level
 Spider Form              Tmut/Pois      4%         N/A       28%         3
 Ice Form                 Ice/Tmut       8%         N/A       67%         4
 Hydra Form               Tmut           6%         N/A       82%         5


Dungeon Overview and Level Annotations

Branches:
Dungeon (2/15)

Altars:
Trog

Annotations:
D:2 Natasha


Innate Abilities, Weirdness & Mutations

You have temporarily grown beastly horns and talons.
You have very sharp teeth.
Your uncanny sense of smell can sniff out nearby items.
Your experience applies equally to all skills.


Message History

The white imp freezes you.
* * * LOW HITPOINT WARNING * * *
You hit the adder. Your kick misses the adder. You headbutt the adder.
Your bite misses the adder.
The adder is heavily wounded.
You feel sick. The adder barely misses you.
The white imp hits you but does no damage.
The shadow imp shouts, "Leave, thou craven rude-growing slime mould!"
The adder bites you.
* * * LOW HITPOINT WARNING * * *
As you read the scroll labelled TYZAFY BYWAHA, it crumbles to dust.
It is a scroll of identify.
b - a scroll of noise You feel sick.
The white imp barely misses you. The adder misses you.
It was a potion of heal wounds.
You feel much better.
You feel sick. The adder bites you.
You are more poisoned.
The adder poisons you! The white imp barely misses you.
You barely miss the adder.
The adder is heavily wounded.
You feel sick. The adder bites you.
You are more poisoned.
The adder poisons you! The white imp gestures at you.
The puff of frost hits you! The adder barely misses you.
You hit the adder.
The adder is severely wounded.
* * * LOW HITPOINT WARNING * * *
You feel very sick.
Natasha casts a spell.
The white imp closely misses you. The adder barely misses you.
You hit the adder.
The adder is almost dead.
* * * LOW HITPOINT WARNING * * *
You feel very sick.
The shadow imp disappears in a puff of smoke!
The adder closely misses you. The white imp hits you.
* * * LOW HITPOINT WARNING * * *
The white imp freezes you.
You die...

##.# #..#
...# ####
#####.## ####
.5...##.)..##
.h.....[###.#
##...##)# #.#
###..5§# #..
#.##h# .## #
#5#####.#
#(@S....#
#######.# ∆


You could see Natasha, a crimson imp (summoned), an adder and a white imp
(summoned).

Vanquished Creatures
  Jessica (D:2)
  Natasha (D:2)
  A howler monkey zombie (D:2)
  A worm (D:2)
  A dart slug (D:1)
  3 bats (D:1)
  5 endoplasms
  A giant cockroach (D:1)
  2 goblins
  3 hobgoblins (D:1)
  2 jackals (D:1)
  A quokka (D:1)
  3 ball pythons
  2 frilled lizards (D:1)
  4 kobolds (D:1)
  5 rats
36 creatures vanquished.

Notes
Turn   | Place    | Note
-------+----------+-------------------------------------------
     0 | D:1      | donath the Gnoll Transmuter began the quest for the Orb.
     0 | D:1      | Reached XP level 1. HP: 17/17 MP: 6/6
   143 | D:1      | Reached XP level 2. HP: 16/23 MP: 5/7
  1009 | D:1      | Reached XP level 3. HP: 8/28 MP: 7/9
  1307 | D:1      | Reached skill level 5 in Spellcasting
  1596 | D:2      | Learned a level 2 spell: Wereblood
  1604 | D:2      | Found a bloodstained altar of Trog.
  1619 | D:2      | Noticed Jessica
  1647 | D:2      | Noticed Natasha
  1773 | D:2      | Killed Natasha
  1774 | D:2      | Reached skill level 1 in Short Blades
  1774 | D:2      | Reached skill level 1 in Long Blades
  1774 | D:2      | Reached skill level 1 in Axes
  1774 | D:2      | Reached skill level 1 in Maces & Flails
  1774 | D:2      | Reached skill level 1 in Polearms
  1774 | D:2      | Reached skill level 1 in Staves
  1774 | D:2      | Reached skill level 1 in Slings
  1774 | D:2      | Reached skill level 1 in Bows
  1774 | D:2      | Reached skill level 1 in Crossbows
  1774 | D:2      | Reached skill level 1 in Throwing
  1774 | D:2      | Reached skill level 1 in Armour
  1774 | D:2      | Reached skill level 1 in Stealth
  1774 | D:2      | Reached skill level 1 in Shields
  1774 | D:2      | Reached skill level 1 in Invocations
  1774 | D:2      | Reached skill level 1 in Evocations
  1774 | D:2      | Reached XP level 4. HP: 13/34 MP: 11/11
  2299 | D:2      | Killed Jessica
  2300 | D:2      | Reached skill level 1 in Conjurations
  2300 | D:2      | Reached skill level 1 in Hexes
  2300 | D:2      | Reached skill level 1 in Summonings
  2300 | D:2      | Reached skill level 1 in Necromancy
  2300 | D:2      | Reached skill level 1 in Translocations
  2300 | D:2      | Reached skill level 1 in Fire Magic
  2300 | D:2      | Reached skill level 1 in Ice Magic
  2300 | D:2      | Reached skill level 1 in Air Magic
  2300 | D:2      | Reached skill level 1 in Earth Magic
  2300 | D:2      | Reached skill level 1 in Poison Magic
  2302 | D:2      | Noticed Natasha
  2320 | D:2      | Slain by a white imp

Illustrated notes

Levels and vault maps discovered:
D:1:      psy_arrival_dodecagon, layout_loops_ring, minmay_tall_x
D:2:      layout_loops_ring, basic_altar, uniq_natasha, uniq_jessica

Skill      XL: |  1  2  3  4 |
---------------+-------------+-----
Spellcasting   | 5 |  5.1
Short Blades   | 1 |  1.2
Long Blades    | 1 |  1.2
Axes           | 1 |  1.2
Maces & Flails | 1 |  1.2
Polearms       | 1 |  1.2
Staves         | 1 |  1.2
Slings         | 1 |  1.2
Bows           | 1 |  1.2
Crossbows      | 1 |  1.2
Throwing       | 1 |  1.2
Armour         | 1 |  1.2
Stealth        | 1 |  1.2
Shields        | 1 |  1.2
Invocations    | 1 |  1.3
Evocations     | 1 |  1.2
Conjurations   | 1 |  1.0
Hexes          | 1 |  1.0
Summonings     | 1 |  1.0
Necromancy     | 1 |  1.0
Translocations | 1 |  1.0
Fire Magic     | 1 |  1.0
Ice Magic      | 1 |  1.0
Air Magic      | 1 |  1.0
Earth Magic    | 1 |  1.0
Poison Magic   | 1 |  1.0
Fighting       | |  2.8
Dodging        | |  4.7
Unarmed Combat | |  6.6
Transmutations | |  3.9

Action                   |  1- 3 |  4- 6 || total
-------------------------+-------+-------++-------
Melee: Short sword       |    86 |    27 ||   113
       Kick              |    21 |     2 ||    23
       Unarmed           |     2 |       ||     2
       Bite              |     6 |     3 ||     9
       Punch             |     2 |     1 ||     3
       Headbutt          |     9 |     1 ||    10
Throw: Dart              |     1 |     2 ||     3
 Cast: Beastly Appendage |    16 |     5 ||    21
  Use: Scroll            |       |     1 ||     1
       Potion            |       |     1 ||     1
 Stab: Sleeping          |       |     2 ||     2
Armor: Robe              |    13 |       ||    13
       Leather armour    |     2 |     7 ||     9
Dodge: Dodged            |    53 |    20 ||    73

Table legend: (Time is in decaauts)
 A = Elapsed time spent in this place.
 B = Non-inter-level travel time spent in this place.
 C = Inter-level travel time spent in this place.
 D = Time resting spent in this place.
 E = Time spent auto-exploring this place.
 F = Levels seen in this place.
 G = Mean time per level.
                   A        B        C        D        E       F      G
               +--------+--------+--------+--------+--------+-----+--------+
         Total |   2331 |   2312 |     19 |    239 |   1251 |   2 | 1165.5 |
       Dungeon |   2331 |   2312 |     19 |    239 |   1251 |   2 | 1165.5 |
               +--------+--------+--------+--------+--------+-----+--------+

Top non-repeatable levels by time:
     D:1: 1803 daAuts
     D:2: 527 daAuts
